 Dungeon Crawl Stone Soup version 0.24.1-14-gf8d2b509d9 (webtiles) character file.

Game seed: 8491524964647532976, levelgen mode: deterministic

79 Hugehornet the Magician (level 4, -2/24 HPs)
             Began as a Deep Elf Wizard on May 21, 2020.
             Slain by a hobgoblin
             ... wielding a +0 club
             ... led by Robin
              (9 damage)
             ... on level 2 of the Dungeon.
             The game lasted 00:04:36 (2452 turns).

Hugehornet the Magician (Deep Elf Wizard)           Turns: 2452, Time: 00:04:37

Health: -2/24      AC:  2    Str:  4    XL:     4   Next: 16%
Magic:  8/12       EV: 13    Int: 24    God:
Gold:   66         SH:  0    Dex: 13    Spells: 1/11 levels left

rFire    . . .     SeeInvis .   i - +2 dagger (speed)
rCold    . . .     Gourm    .   (no shield)
rNeg     . . .     Faith    .   a - +0 robe
rPois    .         Spirit   .   b - +0 hat
rElec    .         Reflect  .   (no cloak)
rCorr    .         Harm     .   (no gloves)
MR       .....                  (no boots)
Stlth    ++........             (no amulet)
HPRegen  0.08/turn              (no ring)
MPRegen  0.13/turn              (no ring)

@: no status effects
A: no striking features
a: no special abilities


You were on level 2 of the Dungeon.
You were hungry.

You visited 1 branch of the dungeon, and saw 3 of its levels.

You collected 66 gold pieces.

Inventory:

Hand Weapons
 i - a +2 dagger of speed (weapon)
Armour
 a - a +0 robe (worn)
 b - a +0 hat (worn)
Jewellery
 f - an uncursed amulet of the acrobat {unknown}
Scrolls
 c - a scroll of remove curse {unknown}
 e - a scroll of magic mapping {unknown}
 g - 2 scrolls of identify {unknown}
 j - a scroll of enchant armour {unknown}
Potions
 h - a potion of magic {unknown}
Comestibles
 d - 3 rations


   Skills:
 - Level 2.4 Dodging
 - Level 2.4 Stealth
 - Level 4.4 Spellcasting
 - Level 3.6 Conjurations
 - Level 1.0 Hexes
 - Level 1.1 Summonings
 - Level 1.1 Translocations
 + Level 1.2 Air Magic
 + Level 1.3 Poison Magic


You had one spell level left.
You knew the following spells:

 Your Spells              Type           Power        Failure   Level  Hunger
a - Magic Dart            Conj           ###.         2%          1    None
b - Blink                 Tloc           N/A          9%          2    None
c - Call Imp              Summ           ##......     9%          2    None
d - Slow                  Hex            ##......     10%         2    None
e - Mephitic Cloud        Conj/Pois/Air  ###.....     12%         3    ##.....

Your spell library contained the following spells:

 Spells                   Type           Power        Failure   Level  Hunger
 Conjure Flame            Conj/Fire      ##......     13%         3    ##.....


Dungeon Overview and Level Annotations

Branches:
Dungeon (3/15)

Altars:
Ru

Annotations:
D:3 Robin


Message History

The magic dart hits the hobgoblin but does no damage.
The hobgoblin hits you with a +0 club. x2
* * * LOW HITPOINT WARNING * * *
Casting: Magic Dart (safe; 2% risk of failure)
Confirm with . or Enter, or press ? or * to list all spells.
Aiming: Magic Dart (safe; 2% risk of failure)
Press: ? - help, Shift-Dir - straight line, f/p - hobgoblin
Aim: a hobgoblin, wielding a +0 club (unusually strong)
The magic dart hits the hobgoblin.
The hobgoblin is almost dead.
The hobgoblin misses you. The hobgoblin closely misses you.
Casting: Magic Dart (safe; 2% risk of failure)
Confirm with . or Enter, or press ? or * to list all spells.
Aiming: Magic Dart (safe; 2% risk of failure)
Press: ? - help, Shift-Dir - straight line, f/p - hobgoblin
Aim: a hobgoblin, wielding a +0 club (almost dead, unusually strong)
The magic dart hits the hobgoblin.
You kill the hobgoblin!
The hobgoblin hits you with a +0 club!
You die...

####.#######.....#
#........# ##...##
#.##.###.#####+###
#.##.# #.#.......#
#.##.# #.#.##.....
#.##.# #.#.##.....
#.##.# #.#.##.....
#)##.# #.#.#......
#@##.###.#........
#g)......#.......#
####..........####
############


You could see a hobgoblin.

Vanquished Creatures
  Jessica (D:2)
  An adder (D:3)
  A worm (D:2)
  3 dart slugs (D:1)
  2 leopard geckos
  An orc (D:3)
  2 giant cockroaches
  4 hobgoblins
  5 bats
  3 frilled lizards
  6 goblins
  7 rats
36 creatures vanquished.

Notes
Turn   | Place    | Note
-------+----------+-------------------------------------------
     0 | D:1      | Hugehornet the Deep Elf Wizard began the quest for the Orb.
     0 | D:1      | Reached XP level 1. HP: 10/10 MP: 7/7
   302 | D:1      | Reached XP level 2. HP: 15/15 MP: 2/9
   307 | D:1      | Learned a level 2 spell: Blink
   310 | D:1      | Learned a level 2 spell: Call Imp
   313 | D:1      | Learned a level 2 spell: Slow
   740 | D:1      | Reached skill level 1 in Hexes
  1033 | D:2      | Found a sacrificial altar of Ru.
  1225 | D:2      | Noticed Jessica
  1230 | D:2      | Killed Jessica
  1230 | D:2      | Reached XP level 3. HP: 14/19 MP: 4/10
  1235 | D:2      | Learned a level 3 spell: Mephitic Cloud
  2046 | D:3      | Reached skill level 1 in Poison Magic
  2074 | D:3      | Reached skill level 1 in Air Magic
  2074 | D:3      | Reached XP level 4. HP: 14/24 MP: 0/12
  2111 | D:3      | HP: 1/24 [orc priest/divine providence (12)]
  2446 | D:3      | Noticed Robin
  2452 | D:2      | Slain by a hobgoblin

Levels and vault maps discovered:
D:1:      elethiomel_arrival_infinity_welcomes_careful_drivers, layout_rooms
D:2:      layout_loops_corners, hangedman_glass_teeth,
          nicolae_ru_the_path_less_chosen, uniq_jessica
D:3:      cheibrodos_pilgrimage, layout_basic, tso_altar, first_ration,
          minmay_increasing_density, uniq_robin

Skill      XL: |  1  2  3 |
---------------+----------+-----
Conjurations   | 2 3 |  3.6
Hexes          | 1 |  1.0
Poison Magic   | 1 |  1.3
Air Magic      | 1 |  1.2
Dodging        | |  2.4
Stealth        | |  2.4
Spellcasting   | |  4.4
Summonings     | |  1.1
Translocations | |  1.1

Action                   |  1- 3 |  4- 6 || total
-------------------------+-------+-------++-------
Melee: Unarmed           |     1 |       ||     1
       Dagger            |    35 |       ||    35
 Cast: Magic Dart        |    70 |     5 ||    75
       Slow              |     1 |       ||     1
  Eat: Chunk             |     3 |     1 ||     4
Armor: Robe              |     5 |       ||     5
Dodge: Dodged            |    26 |     7 ||    33
